Map: Crimson Court LE

Players

BuffTerran

  • Race: Terran Terran
  • League: Master
  • Spawn Location: 1:00

Dragonite - Winner!

  • Race: Protoss Protoss
  • League: Master
  • Spawn Location: 7:00

VOD

Have the link to the VOD?

Description

Time

  • Played on: July 13, 2024, 2:52 p.m.
  • Length: 5:57
Show
View Real Time Build Order
Export as new Build Order

BuffTerran Terran 

Build Orders: Reaper Expand 

Get SALT Encoding   

  12  0:00  SCV  
  13  0:12  SCV  
  14  0:17  Supply Depot  
  14  0:24  SCV  
  15  0:39  SCV  
  15  0:40  Barracks  
  16  0:43  Refinery  
  16  0:51  SCV  
  17  1:03  SCV  
  18  1:15  SCV  
  19  1:28  Reaper  
  19  1:29  Orbital Command  
  20  1:42  Command Center  
  20  1:55  SCV  
  20  1:57  Supply Depot  
  20  2:00  Marine  
  22  2:07  SCV  
  23  2:13  Factory  
  23  2:19  SCV  
  24  2:23  Bunker  
  24  2:25  Barracks Reactor  
  24  2:29  Refinery  
  24  2:31  SCV  
  25  2:43  SCV  
  26  2:55  SCV  
  27  3:00  Orbital Command, Hellion  
  27  3:02  Starport  
  29  3:06  Marine  
  29  3:07  SCV  
  29  3:11  Marine  
  32  3:19  SCV  
  33  3:25  Marine  
  33  3:26  Widow Mine  
  35  3:27  SCV  
  35  3:29  Marine  
  35  3:30  Supply Depot  
  35  3:32  SCV  
  38  3:39  SCV  
  38  3:41  Medivac  
  41  3:43  Marine  
  41  3:44  SCV  
  41  3:47  Marine  
  44  3:51  SCV  
  44  3:54  Supply Depot, Widow Mine  
  47  3:56  SCV  
  47  4:01  Barracks  
  48  4:03  SCV  
  48  4:07  Marine x2  
  48  4:08  SCV  
  52  4:12  Barracks  
  52  4:14  Starport Tech Lab  
  52  4:15  Factory Tech Lab  
  52  4:19  SCV  
  52  4:20  SCV  
  54  4:24  Supply Depot  
  54  4:27  Engineering Bay  
  54  4:31  SCV  
  55  4:32  SCV  
  55  4:34  Siege Tank  
  55  4:36  Raven  
  61  4:42  Refinery  
  61  4:43  SCV  
  62  4:47  Marine  
  62  4:48  Marine  
  62  4:49  SCV  
  62  4:51  Supply Depot  
  65  4:55  SCV  
  60  5:02  Supply Depot, SCV  
  60  5:05  Marine  
  64  5:07  SCV  
  64  5:13  Siege Tank  
  64  5:14  SCV  
  69  5:17  Marine x2  
  69  5:19  SCV  
  70  5:23  Marine  
  70  5:27  Supply Depot, Starport Reactor  
  71  5:29  Marauder  
  64  5:39  SCV x2  
Show
View Real Time Build Order
Export as new Build Order

Dragonite Protoss - Winner!

Build Orders: 1 Gate Expand, Blink Stalkers 

Get SALT Encoding   

  12  0:00  Probe  
  13  0:12  Probe  
  14  0:16  Pylon  
  14  0:24  Probe (Chrono Boost)  
  15  0:37  Gateway, Probe (Chrono Boost)  
  16  0:44  Probe (Chrono Boost)  
  16  0:46  Assimilator  
  17  0:51  Probe  
  18  1:03  Probe  
  19  1:15  Probe  
  20  1:22  Nexus  
  20  1:31  Cybernetics Core  
  20  1:34  Probe  
  20  1:39  Assimilator  
  21  1:46  Probe  
  22  1:48  Pylon  
  22  1:59  Probe (Chrono Boost)  
  23  2:05  Stalker (Chrono Boost)  
  25  2:08  Warp Gate  
  25  2:11  Probe (Chrono Boost)  
  25  2:17  Probe (Chrono Boost)  
  26  2:25  Probe  
  26  2:26  Twilight Council  
  27  2:34  Stalker  
  29  2:38  Probe x2  
  31  2:51  Probe x2  
  33  2:54  Gateway  
  33  2:55  Blink (Chrono Boost)  
  33  3:03  Probe x2  
  35  3:11  Shield Battery  
  35  3:15  Probe x2  
  37  3:27  Probe x2  
  37  3:29  Robotics Facility  
  37  3:32  Pylon  
  39  3:39  Probe x2  
  41  3:43  Gateway  
  41  3:45  Gateway  
  41  3:51  Probe x2  
  43  3:57  Stalker x2  
  47  4:09  Pylon  
  47  4:13  Warp Prism (Chrono Boost)  
  49  4:20  Pylon, Stalker  
  49  4:23  Stalker  
  53  4:40  Probe x2  
  53  4:41  Observer  
  53  4:42  Stalker x2, Assimilator  
  60  4:49  Stalker x2  
  64  5:02  Pylon  
  64  5:03  Probe  
  65  5:08  Stalker x2  
  69  5:18  Pylon  
  69  5:20  Stalker  
  71  5:22  Stalker  
  69  5:47  Stalker x3  
  69  5:48  Stalker  
Tags
 
Add a new tag
Caveats
  • Supply blocks, unpowered buildings, or Contaminate may cause inaccurate times.
  • Supply counts are checked every 10 seconds.